 Dungeon Crawl Stone Soup version 0.30.1-9-gdf580d7c3d (webtiles) character file.

Game seed: 5655319441432787509

83410 pkoi the Brawler (level 15, -4/118 HPs)
             Began as a Green Draconian Monk on Oct 25, 2023.
             Was the Champion of Hepliaklqana.
             Killed from afar by a frost giant (53 damage)
             ... with a bolt of cold
             ... on level 12 of the Dungeon.
             The game lasted 00:45:20 (19925 turns).

pkoi the Brawler (Green Draconian Monk)            Turns: 19925, Time: 00:45:20

Health: -4/118     AC: 16    Str: 17    XL:     15   Next: 32%
Magic:  21/21      EV: 18    Int: 13    God:    Hepliaklqana [******]
Gold:   1219       SH:  0    Dex: 13    Spells: 13/14 levels left

rFire   . .          .
                       - Unarmed
rCold   . . .        (no shield)
rNeg    + + +        (body armour unavailable)
rPois   +            e - +3 hat "Rubbu" {Regen+ Str+2 SInv}
rElec   +            O - scarf {+Inv}
rCorr   +            w - +2 pair of gloves {Stlth+}
SInv    +            f - +0 pair of boots
Will    +....        q - amulet of regeneration
Stlth   ++++++       L - +4 ring of slaying
HPRegen 1.99/turn    P - ring "Zacysiaxt" {rElec rN+++ rCorr Int-4 SInv}
MPRegen 0.17/turn

%: no passive effects
@: short of breath
A: reduced essence, breathe noxious fumes, AC +9, unfitting armour, stinger 1,
poison resistance, cold-blooded, antennae 1, sense surroundings 1
a: Breathe Noxious Fumes, Renounce Religion, Evoke Invisibility, Recall
Ancestor, Ancestor Identity, Transference, Idealise


You were on level 12 of the Dungeon.
You worshipped Hepliaklqana.
Hepliaklqana was exalted by your worship.
You visited 4 branches of the dungeon, and saw 20 of its levels.
You also visited: Sewer, Ossuary and Ice Cave.

You collected 2157 gold pieces.
You spent 938 gold pieces at shops.

Inventory:

Hand Weapons
 d - a +1 dagger
 u - the +7 dagger of Pain and Death {holy, *Noise rN++ Str+3 Dex-4}
   (You took it off a gnoll on level 4 of the Dungeon)

   Str:       It affects your strength (+3).
   Dex:       It affects your dexterity (-4).
   rN:        It greatly protects you from negative energy.
   *Noise:    It may make noises in combat.
 x - a +0 dagger of speed
Missiles
 y - 6 throwing nets (quivered)
 M - 2 curare-tipped darts
Armour
 b - an orb of light
 e - the +3 hat "Rubbu" (worn) {Regen+ Str+2 SInv}
   (You acquired it on level 3 of the Dungeon)

   Str:       It affects your strength (+2).
   SInv:      It lets you see invisible.
   Regen:     It increases your rate of health regeneration.
 f - a +0 pair of boots (worn)
 w - a +2 pair of gloves of stealth (worn)
 O - a scarf of invisibility (worn)
Jewellery
 h - a ring of protection from cold
 o - a ring of flight
 q - an amulet of regeneration (around neck)
 r - a +6 ring of strength
 s - a ring of positive energy
 L - a +4 ring of slaying (left hand)
 P - the ring "Zacysiaxt" (right hand) {rElec rN+++ rCorr Int-4 SInv}
   (You bought it in a shop on level 2 of the Orcish Mines)

   [ring of resist corrosion]

   Int:       It affects your intelligence (-4).
   rElec:     It insulates you from electricity.
   rN:        It renders you almost immune to negative energy.
   SInv:      It lets you see invisible.
   rCorr:     It protects you from acid and corrosion.
 S - the amulet "Wivo" {Acrobat rCorr}
   (You found it on level 12 of the Dungeon)

   [amulet of the acrobat]

   It increases your evasion while moving and waiting.
   rCorr:     It protects you from acid and corrosion.
Wands
 c - a wand of iceblast (24)
 i - a wand of paralysis (6)
 B - a wand of mindburst (13)
 E - a wand of flame (33)
 Q - a wand of polymorph (6)
Scrolls
 n - 14 scrolls of identify
 p - 3 scrolls of blinking
 t - 3 scrolls of magic mapping
 v - 11 scrolls of teleportation
 z - 2 scrolls of fear
 C - 4 scrolls of silence
 F - 2 scrolls of amnesia
 G - 4 scrolls of fog
 H - 3 scrolls of poison
 K - 2 scrolls of enchant weapon
 R - a scroll of enchant armour
 T - a scroll of butterflies
Potions
 a - 3 potions of ambrosia
 g - 8 potions of might
 j - 2 potions of magic
 k - 10 potions of curing
 l - 4 potions of haste
 m - 9 potions of heal wounds
 A - 5 potions of brilliance
 D - 4 potions of berserk rage
 I - 2 potions of lignification
 J - 3 potions of flight
Miscellaneous
 N - a phantom mirror


   Skills:
 - Level 12.0 Fighting
 + Level 14.2 Dodging
 + Level 11.8 Stealth
 + Level 16.7 Unarmed Combat
 - Level 9.0 Invocations
 + Level 7.6 Evocations


You had 13 spell levels left.
You knew the following spells:

 Your Spells              Type           Power      Damage    Failure   Level
a - Apportation           Tloc           0%         N/A       30%         1

Your spell library contained the following spells:

 Spells                   Type           Power      Damage    Failure   Level
 Necrotise                Necr           0%         1d4       30%         1
 Shock                    Conj/Air       0%         1d3       30%         1
 Summon Small Mammal      Summ           0%         N/A       30%         1
 Ensorcelled Hibernation  Hex/Ice        0%         N/A       43%         2
 Lesser Beckoning         Tloc           0%         N/A       43%         2
 Passwall                 Tmut/Erth      0%         N/A       43%         2
 Static Discharge         Conj/Air       0%         2-2/arc   43%         2
 Sublimation of Blood     Necr           0%         N/A       43%         2
 Call Canine Familiar     Summ           0%         N/A       67%         3
 Frozen Ramparts          Ice            0%         1d1       67%         3
 Gell's Gravitas          Tloc           0%         N/A       67%         3
 Portal Projectile        Hex/Tloc       0%         N/A       67%         3
 Swiftness                Air            0%         N/A       67%         3
 Teleport Other           Tloc           0%         N/A       67%         3
 Tukima's Dance           Hex            0%         N/A       67%         3
 Airstrike                Air            0%         2d(0-16)  97%         4
 Ice Form                 Ice/Tmut       0%         N/A       97%         4
 Leda's Liquefaction      Hex/Erth       0%         N/A       97%         4
 Passage of Golubria      Tloc           0%         N/A       97%         4
 Petrify                  Tmut/Erth      0%         N/A       97%         4
 Summon Ice Beast         Ice/Summ       0%         N/A       97%         4
 Summon Lightning Spire   Summ/Air       0%         N/A       97%         4
 Alistair's Intoxication  Tmut/Pois      0%         N/A       100%        5
 Blade Hands              Tmut           0%         N/A       100%        5
 Borgnjor's Vile Clutch   Necr/Erth      0%         N/A       100%        5
 Irradiate                Conj/Tmut      0%         3d11      100%        5
 Yara's Violent Unravell  Hex/Tmut       0%         3d3       100%        5
 Dispersal                Tloc           0%         N/A       100%        6
 Eringya's Noxious Bog    Tmut/Pois      0%         N/A       100%        6


Dungeon Overview and Level Annotations

Branches:
Dungeon (12/15)            Temple (1/1) D:4            Lair (5/5) D:9
  Swamp (0/4) Lair:3        Snake (0/4) Lair:3        Slime (0/5) Lair:5
    Orc (2/2) D:9             Elf (0/3) Orc:2         Sewer (visited)
Ossuary (visited)           IceCv (visited)

Altars:
Ashenzari
Cheibriados
Dithmenos
Elyvilon
Fedhas
Gozag
Hepliaklqana
Kikubaaqudgha
Makhleb
Nemelex Xobeh
Okawaru
Qazlal
Ru
Sif Muna
Trog
Uskayaw
Vehumet
Wu Jian
Xom
Yredelemnul
Zin
The Shining One

Shops:
D:4 ?   D:9 (   Orc:2 (*=

Annotations:
Lair:5 exclusion: oklob plant


Innate Abilities, Weirdness & Mutations

Your life essence is reduced to manifest your ancestor. (-10% HP)
You can breathe blasts of noxious fumes.
Your lurid green scales are hard. (AC +9)
You cannot fit into any form of body armour.
Your tail ends in a venomous barb.
Your system is resistant to poisons. (rPois)
You are cold-blooded and may be slowed by cold attacks.
You have a pair of small antennae on your head.
You passively map a small area around you.


Message History

The centaur warrior hits you but does no damage.
The centaur warrior kicks you but does no damage.
Unknown command.
The vampire knight hits you with a +0 great sword!!
The vampire knight misses you. The centaur warrior hits you.
The centaur warrior barely misses you. The centaur warrior misses you.
The centaur warrior kicks you but does no damage.
The vampire knight points at you and mumbles some strange words.
You resist with some effort.
Things that are here:
a +0 longbow; a manticore corpse You catch the helpless frost giant completely off-guard!
You hit the frost giant but do no damage.
The frost giant is lightly wounded.
The centaur warrior hits you but does no damage.
The centaur warrior kicks you but does no damage.
The centaur warrior barely misses you.
The centaur warrior kicks you but does no damage.
The frost giant is engulfed in noxious fumes.
The frost giant hits the vampire knight with a +0 battleaxe of freezing!!!
The frost giant freezes the vampire knight!
The vampire knight is destroyed!
The frost giant hits you with a +0 battleaxe of freezing!
The frost giant freezes you.
You punch the frost giant! x2
The frost giant is moderately wounded.
The centaur warrior hits you. The centaur warrior misses you. x2
The centaur warrior kicks you but does no damage.
The centaur warrior hits you.
The centaur warrior kicks you but does no damage.
Unknown command.
You pummel the frost giant!!
You tail-slap the frost giant, but do no damage.
The frost giant is heavily wounded.
The frost giant seems less confused.
The centaur warrior hits you.
The centaur warrior kicks you but does no damage.
The frost giant is engulfed in noxious fumes.
The frost giant gestures at you while chanting.
The bolt of cold hits you!!!
You die...

* #....#
, #....#
* #....#
, *
#....# *
, *
#....#*
#....#*
* ,
#CT..# ,
, *
#@c..#
#.c..# *
#....#*
#....# *
#....# ,
, #....#
*
#....##*
* #
#.....#
#
#.....##
##


You could see a frost giant, 2 centaur warriors and a deep troll earth mage.

Vanquished Creatures
  A frost giant (IceCv)
  A vampire knight (D:12)
  Snorg (Lair:2)
  Erolcha (D:10)
  2 hydras
  4 boulder beetles
  A centaur warrior (D:12)
  Erica (Lair:2)
  2 death yaks (IceCv)
  3 two-headed ogres
  An orc high priest (Orc:2)
  Nergalle (Lair:2)
  Amaemon (D:9)
  2 skysharks
  6 orc knights
  A deep elf pyromancer (D:12)
  2 manticores
  2 orc sorcerers (Orc:2)
  3 cyclopes
  3 ugly things
  Joseph (D:9)
  6 elephants
  7 black mambas
  3 cane toads
  3 gargoyles
  A torpor snail (Lair:4)
  Psyche (D:9)
  A rime drake (IceCv)
  2 unseen horrors (D:12)
  A kobold demonologist (D:12)
  7 komodo dragons
  18 polar bears
  9 trolls
  8 hornets
  Grinder (D:5)
  A tyrant leech (Lair:3)
  10 blink frogs
  13 spriggans
  Sigmund (D:2)
  A vampire (D:9)
  69 yaks
  An unseen horror simulacrum (D:8)
  3 wyverns
  3 wraiths
  2 basilisks
  A steam dragon (D:9)
  3 vampire mosquitoes (D:12)
  2 swamp worms (Lair:3)
  2 wargs
  2 acid dragons (D:11)
  2 water moccasins (Lair:5)
  33 orc warriors
  10 black bears
  3 hornet zombies
  5 ogres
  2 ice beasts
  3 boggarts (Lair:5)
  A phantom (D:5)
  38 wolves
  8 centaurs
  An elf zombie (D:7)
  14 bullfrogs
  4 kobold brigands
  2 scorpions (D:6)
  2 gnoll sergeants
  6 wights
  A hexer (Lair:5)
  8 killer bees
  3 electric eels (D:8)
  6 howler monkeys
  2 human zombies (D:7)
  2 jellies
  10 bullfrog zombies
  3 centaur zombies (Ossuary)
  16 orc priests
  2 bullfrog skeletons (D:6)
  A centaur skeleton (D:6)
  An iguana (D:5)
  A gnoll bouda (D:9)
  Ijyb (D:5)
  A sleepcap (D:5)
  13 orc wizards
  8 hell rats
  5 killer bee zombies
  A centaur simulacrum (D:8)
  7 mummies (Ossuary)
  6 howler monkey zombies
  Robin (D:3)
  A howler monkey skeleton (D:6)
  6 adders
  4 gnolls
  2 shadow imps (D:7)
  A howler monkey simulacrum (D:8)
  14 white imps
  2 dart slugs
  50 orcs
  7 endoplasms
  5 giant cockroaches
  11 goblins
  10 hobgoblins
  11 jackals
  16 kobolds
  4 quokkas
  11 ball pythons
  6 bats
  5 frilled lizards
  2 orc skeletons (D:7)
  An orc zombie (D:7)
  11 rats
635 creatures vanquished.

Vanquished Creatures (collateral kills)
  An orc warlord (Orc:2)
  Harold (D:9)
  A two-headed ogre (D:9)
  A death yak (IceCv)
  A skyshark (Lair:5)
  An oklob plant (Lair:2)
  A manticore (D:11)
  An ice statue (IceCv)
  3 elephants
  4 cane toads
  A gargoyle (D:12)
  An orange demon (D:9)
  A rime drake (Lair:5)
  A komodo dragon (Lair:4)
  2 trolls
  7 blink frogs
  3 polar bears
  Prince Ribbit (D:5)
  A shadow (D:12)
  A spriggan (Lair:5)
  A vampire mosquito (D:12)
  A basilisk (Lair:2)
  10 yaks
  2 wargs
  2 water moccasins
  7 orc warriors
  3 black bears
  An ice beast (D:8)
  3 centaurs
  5 wolves (Lair:5)
  2 bullfrogs
  A scorpion (D:7)
  A wight (D:9)
  A water moccasin zombie (Ossuary)
  2 howler monkeys (D:9)
  A centaur zombie (Ossuary)
  2 bullfrog skeletons (D:6)
  A hound (D:6)
  2 iguanas (D:5)
  5 orc priests
  5 orc wizards
  A sleepcap (D:5)
  2 mummies (Ossuary)
  4 gnolls
  An adder (D:6)
  4 white imps
  11 orcs
  A kobold (D:8)
  2 rats (Sewer)
118 creatures vanquished.

Vanquished Creatures (others)
  11 hexers
11 creatures vanquished.

Grand Total: 764 creatures vanquished

Notes
Turn   | Place    | Note
-------+----------+-------------------------------------------
     0 | D:1      | pkoi the Draconian Monk began the quest for the Orb.
     0 | D:1      | Reached XP level 1. HP: 19/19 MP: 1/1
   186 | D:1      | Reached XP level 2. HP: 26/26 MP: 2/2
   425 | D:1      | Reached skill level 4 in Unarmed Combat
   460 | D:1      | Found a faded altar of an unknown god.
   534 | D:1      | Reached XP level 3. HP: 31/31 MP: 3/3
  1285 | D:2      | Noticed Sigmund
  1296 | D:2      | Killed Sigmund
  1297 | D:2      | Reached skill level 6 in Unarmed Combat
  1297 | D:2      | Reached XP level 4. HP: 30/38 MP: 4/4
  1297 | D:2      | Reached XP level 5. HP: 36/45 MP: 5/5
  1979 | D:3      | Noticed Robin
  1983 | D:3      | Killed Robin
  2152 | D:3      | Gained mutation: You passively map a small area around you.
                  | [potion of mutation]
  2152 | D:3      | Gained mutation: You have a pair of small antennae on your
                  | head. [potion of mutation]
  2420 | D:3      | Identified 2 scrolls of acquirement
  2420 | D:3      | Acquired a manual of Dodging
  2423 | D:3      | Acquired the +3 hat "Rubbu" {Regen+ Str+2 SInv}
  2436 | D:4      | Noticed a black bear
  2436 | D:4      | Found Tiucwoew's Magic Scroll Shoppe.
  2528 | D:4      | Killed a black bear
  2529 | D:4      | Reached skill level 7 in Unarmed Combat
  2529 | D:4      | Reached XP level 6. HP: 47/51 MP: 6/6
  2565 | D:4      | Found a hazy altar of Hepliaklqana.
  2568 | D:4      | Became a worshipper of Hepliaklqana the Forgotten
  2568 | D:4      | Reached * piety under Hepliaklqana
  2568 | D:4      | Reached ** piety under Hepliaklqana
  2569 | D:4      | Remembered your ancestor Sana as a hexer
  2601 | D:4      | Found a hide-covered altar of Uskayaw.
  2656 | D:4      | Found a staircase to the Ecumenical Temple.
  2674 | Temple   | Entered the Ecumenical Temple
  2820 | D:4      | Found a stormy altar of Qazlal.
  2895 | D:4      | Identified the +7 dagger of Pain and Death {holy, *Noise
                  | rN++ Str+3 Dex-4}
  3107 | D:5      | Entered Level 5 of the Dungeon
  3142 | D:5      | Your scales start taking on a lurid green colour.
  3142 | D:5      | Reached XP level 7. HP: 52/52 MP: 7/7
  3142 | D:5      | Gained mutation: Your system is resistant to poisons.
                  | (rPois) [Green Draconian growth]
  3191 | D:5      | Noticed Ijyb
  3202 | D:5      | Killed Ijyb
  3203 | D:5      | Reached skill level 1 in Stealth
  3396 | D:5      | Reached skill level 8 in Unarmed Combat
  3550 | D:5      | Noticed Prince Ribbit
  3557 | D:5      | Noticed Grinder
  3565 | D:5      | Killed Prince Ribbit
  3566 | D:5      | Reached skill level 5 in Fighting
  3566 | D:5      | Reached XP level 8. HP: 48/61 MP: 8/8
  3587 | D:5      | Killed Grinder
  3588 | D:5      | Reached skill level 5 in Dodging
  4251 | D:6      | Found a glowing drain.
  4260 | Sewer    | Entered a sewer
  4325 | Sewer    | Reached skill level 9 in Unarmed Combat
  4480 | D:6      | Reached *** piety under Hepliaklqana
  4554 | D:6      | Reached XP level 9. HP: 64/70 MP: 9/9
  4924 | D:7      | Found a shadowy altar of Dithmenos.
  4979 | D:7      | Reached skill level 5 in Stealth
  5286 | D:7      | Found a sand-covered staircase.
  5297 | Ossuary  | Entered an ossuary
  5567 | Ossuary  | Reached skill level 10 in Unarmed Combat
  5802 | D:7      | Found a glowing golden altar of the Shining One.
  6060 | D:8      | Noticed a polar bear
  6072 | D:8      | Killed a polar bear
  6073 | D:8      | Reached XP level 10. HP: 77/79 MP: 10/10
  6177 | D:8      | Reached **** piety under Hepliaklqana
  6254 | D:8      | Found an ornate altar of the Wu Jian Council.
  6512 | D:8      | Found an iron altar of Okawaru.
  6543 | D:8      | Found a glowing silver altar of Zin.
  6680 | D:8      | Found a bloodstained altar of Trog.
  7253 | D:9      | Found an opulent altar of Gozag.
  7289 | D:9      | Found Gaoqakh's Weapon Emporium.
  7303 | D:9      | Found a staircase to the Lair.
  7306 | D:9      | Noticed Psyche
  7377 | D:9      | Killed Psyche
  7378 | D:9      | Reached skill level 11 in Unarmed Combat
  7553 | D:9      | Noticed an orange demon
  7554 | D:9      | Noticed Amaemon
  7865 | D:9      | Noticed Joseph
  7878 | D:9      | Killed Joseph
  7973 | D:9      | Noticed a two-headed ogre
  8052 | D:9      | Found a staircase to the Orcish Mines.
  8093 | D:9      | Reached XP level 11. HP: 87/87 MP: 11/11
  8199 | D:9      | Paralysed by a vampire for 2 turns
  8326 | D:9      | Reached skill level 10 in Dodging
  8328 | D:9      | Identified the +0 ring mail of the Game of Kings {rCorr
                  | Stlth+}
  8425 | D:9      | Killed a two-headed ogre
  8456 | D:9      | You fall into a shaft and drop 3 floors!
  8601 | D:11     | Reached ***** piety under Hepliaklqana
  8694 | D:11     | Found a frozen archway.
  8722 | IceCv    | Entered an ice cave
  8738 | IceCv    | Reached skill level 1 in Invocations
  8750 | IceCv    | Reached skill level 12 in Unarmed Combat
  8766 | IceCv    | Noticed a white ugly thing
  8772 | IceCv    | Killed a white ugly thing
  8968 | IceCv    | Noticed a death yak
  8969 | IceCv    | Noticed a death yak
  8969 | IceCv    | Noticed a death yak
  9135 | IceCv    | Killed a death yak
  9155 | IceCv    | Killed a death yak
  9159 | IceCv    | Killed a death yak
  9170 | IceCv    | Reached XP level 12. HP: 79/93 MP: 15/15
  9182 | IceCv    | Reached skill level 5 in Invocations
  9419 | IceCv    | Reached skill level 13 in Unarmed Combat
  9473 | IceCv    | Noticed a frost giant
  9733 | IceCv    | Killed a frost giant
 10079 | D:10     | Entered Level 10 of the Dungeon
 10120 | D:10     | Found a shimmering altar of Xom.
 10120 | D:10     | Noticed Erolcha
 10130 | D:10     | Killed Erolcha
 10279 | D:10     | Found a broken altar of Ashenzari.
 10360 | D:10     | Reached skill level 14 in Unarmed Combat
 10580 | D:9      | Noticed Harold
 10593 | D:9      | Killed Harold
 10621 | D:9      | Killed Amaemon
 10809 | D:4      | Bought a scroll of blinking for 90 gold pieces
 10809 | D:4      | Bought a scroll of teleportation for 36 gold pieces
 10911 | Lair:1   | Entered Level 1 of the Lair of Beasts
 10934 | Lair:1   | Learned a level 1 spell: Apportation
 11264 | Lair:1   | Reached XP level 13. HP: 97/99 MP: 17/19
 11273 | Lair:1   | Reached skill level 15 in Unarmed Combat
 11937 | Lair:2   | Noticed Snorg
 11948 | Lair:2   | Killed Snorg
 12004 | Lair:2   | Noticed Erica
 12016 | Lair:2   | Killed Erica
 12128 | Lair:2   | Reached skill level 1 in Evocations
 12185 | Lair:2   | Noticed Nergalle
 12200 | Lair:2   | Killed Nergalle
 12963 | Lair:3   | Found a staircase to the Swamp.
 13061 | Lair:3   | Reached ****** piety under Hepliaklqana
 13130 | Lair:3   | Found a staircase to the Snake Pit.
 13916 | Lair:4   | Reached skill level 10 in Fighting
 14236 | Lair:4   | Reached skill level 10 in Stealth
 14538 | Lair:5   | Entered Level 5 of the Lair of Beasts
 14585 | Lair:5   | Found a staircase to the Slime Pits.
 14696 | Lair:5   | Gained mutation: Your tail ends in a venomous barb. [Green
                  | Draconian growth]
 14696 | Lair:5   | Reached XP level 14. HP: 109/109 MP: 20/20
 15153 | Lair:5   | Reached skill level 5 in Evocations
 15222 | Lair:5   | Reached skill level 16 in Unarmed Combat
 16546 | Orc:1    | Entered Level 1 of the Orcish Mines
 16897 | Orc:2    | Entered Level 2 of the Orcish Mines
 16897 | Orc:2    | Found a staircase to the Elven Halls.
 18065 | Orc:2    | Noticed an orc warlord
 18106 | Orc:2    | Killed an orc warlord
 18306 | Orc:2    | Found Orphyberch's General Store.
 18338 | Orc:2    | Bought the ring "Zacysiaxt" {rElec rN+++ rCorr Int-4 SInv}
                  | for 812 gold pieces
 18512 | Orc:2    | Found Lukoar's Jewellery Emporium.
 18541 | Orc:2    | Found Reuwkoath's Antique Armour Emporium.
 18553 | Orc:2    | Found Uphukiuwno's Antique Weapon Emporium.
 18740 | D:11     | Reached XP level 15. HP: 113/118 MP: 21/21
 19186 | D:12     | Identified the amulet "Wivo" {Acrobat rCorr}
 19913 | D:12     | Noticed a frost giant
 19925 | D:12     | Killed from afar by a frost giant

Illustrated notes

Levels and vault maps discovered:
D:1:      nzn_arrival_depleted_hourglass, layout_basic,
          ebering_ecumenical_altar_hall
D:2:      layout_loops_corners, chequers_mini_garden,
          chequers_serial_rivers_small_b, uniq_sigmund
D:3:      layout_loops_ring, uniq_robin
D:4:      layout_rooms, nicolae_qazlal_general_emergency,
          mainiacjoe_overflow_swirl, temple_statues, serial_shops,
          nicolae_stop_n_shop_1
D:5:      layout_rooms, uniq_prince_ribbit1, uniq_grinder, uniq_ijyb
D:6:      layout_loops_ring, serial_undead, serial_undead_c, serial_undead_c,
          serial_undead_d, serial_undead_e, serial_undead_e,
          portal_sewer_entry_f, chequers_hall_statues_wall_a,
          minmay_fountain_box, columned_hall_lemuel
D:7:      layout_loops_ring, amcnicky_altar_gilded,
          nicolae_dithmenos_the_darkroom, nicolae_ossuary_entry_catacombs,
          minmay_starry_boxes
D:8:      layout_gridville, nicolae_wu_jian_immortal_techniques,
          kennysheep_little_box, trog_hazing_becter, lemuel_tele_altar,
          serial_ice, serial_ice_e, serial_ice_f, serial_ice_j, serial_ice_a,
          serial_ice_d, serial_ice_o, serial_ice_m, serial_ice_h
D:9:      layout_roguey, nicolae_gozag_seed_capital, dpeg_oklobed_lair,
          orc_0_dummy, serial_shops, shop, minmay_joined_circles, uniq_harold,
          uniq_psyche, uniq_joseph, uniq_amaemon
D:10:     layout_rooms, xom_teletrap_fun, general_overflow_altar,
          dreamdust_mushroom_princess, uniq_erolcha
D:11:     layout_roguey, portal_ice_cave_entry_imps
D:12:     minmay_nested_s, layout_irregular_city
Temple:   hellmonk_temple_beads
Lair:1:   layout_cave_pods, grunt_megastairs_4, lemuel_fruit_tree
Lair:2:   beargit_carnivore_pack, layout_loops_ring, minmay_lair_oklob_items,
          uniq_erica, uniq_nergalle
Lair:3:   beast_lair_carwin_large_1, layout_gridlike, minmay_swamp_entry_worms,
          grunt_forest_large_clearings
Lair:4:   layout_cave_pods
Lair:5:   minmay_lair_end_enchanted_forest, layout_loops_ring, slime_entry_1
Orc:1:    layout_caves, uniq_urug
Orc:2:    grunt_orc_cross, layout_caves

Skill      XL: |  1  2  3  4  5  6  7  8  9 10 11 12 13 14 15 |
---------------+----------------------------------------------+-----
Unarmed Combat | 4 6 7 8 9 10 11 12 14 15 16 | 16.7
Dodging        | 3 4 5 7 9 12 13 14 | 14.2
Fighting       | 5 6 8 9 10 11 12 | 12.0
Stealth        | 2 4 6 8 9 10 11 | 11.8
Invocations    | 4 9 |  9.0
Evocations     | 4 6 7 |  7.6

Action                     |  1- 3 |  4- 6 |  7- 9 | 10-12 | 13-15 || total
---------------------------+-------+-------+-------+-------+-------++-------
  Melee: Unarmed           |   111 |    98 |   426 |   614 |   875 ||  2124
         Tailslap          |    13 |    11 |    69 |   120 |   167 ||   380
         Dagger            |       |    17 |     7 |     7 |       ||    31
         Punch             |       |       |    16 |    50 |   116 ||   182
 Invoke: Ancestor Life: He |       |     1 |       |       |       ||     1
         Ancestor Identity |       |     1 |       |       |       ||     1
         Recall Ancestor   |       |       |       |    18 |    11 ||    29
Ability: Breathe Noxious F |       |       |       |     1 |    11 ||    12
  Evoke: Wand              |       |       |       |     6 |     8 ||    14
    Use: Scroll            |       |    12 |    14 |     1 |     1 ||    28
         Potion            |       |     1 |       |       |       ||     1
   Stab: Distracted        |       |     1 |     3 |    12 |    22 ||    38
         Confused          |       |       |    11 |    16 |    24 ||    51
         Sleeping          |       |       |     6 |     5 |    13 ||    24
         Paralysed         |       |       |       |       |    20 ||    20
 Armour: Skin              |    35 |    36 |   137 |   191 |   238 ||   637
  Dodge: Dodged            |    72 |    63 |   306 |   443 |   670 ||  1554
